 Dungeon Crawl Stone Soup version 0.23.2-1-ga50397a (webtiles) character file.

Game seed: 2669362844024050503

226 GuyDeFluk the Sneak (level 5, -3/24 HPs)
             Began as a Spriggan Enchanter on Apr 28, 2019.
             Slain by a killer bee (6 damage)
             ... on level 5 of the Dungeon on Apr 29, 2019.
             The game lasted 00:45:59 (7151 turns).

GuyDeFluk the Sneak (Spriggan Enchanter)            Turns: 7151, Time: 00:45:59

Health: -3/24      AC:  2    Str:  5    XL:     5   Next: 69%
Magic:  13/13      EV: 18    Int: 17    God:
Gold:   246        SH:  0    Dex: 16    Spells: 7/13 levels left

rFire    . . .     SeeInvis +   a - +2 dagger
rCold    . . .     Gourm    .   (shield restricted)
rNeg     . . .     Faith    .   b - +0 robe
rPois    .         Spirit   .   (helmet restricted)
rElec    .         Reflect  .   (no cloak)
rCorr    .         Harm     .   (gloves unavailable)
MR       .....                  (boots unavailable)
Stlth    ++++......             (no amulet)
HPRegen  0.08/turn              (no ring)
MPRegen  0.13/turn              (no ring)

@: very quick
A: very small, unfitting armour, see invisible, herbivore, speed 3, slow
metabolism 2
a: no special abilities


You were on level 5 of the Dungeon.
You were not hungry.

You visited 1 branch of the dungeon, and saw 5 of its levels.

You collected 246 gold pieces.

Inventory:

Hand Weapons
 a - a +2 dagger (weapon)
 k - a +0 hunting sling
Missiles
 l - 130 stones (quivered)
Armour
 b - a +0 robe (worn)
Jewellery
 q - an uncursed ring of ice
Scrolls
 g - a scroll of fear
 h - 3 scrolls of remove curse
 r - a scroll of amnesia
 s - a scroll of fog
Potions
 c - a potion of degeneration {unknown}
 e - 2 potions of might
 f - 2 potions of brilliance
 i - 2 potions of heal wounds
 j - a potion of mutation {unknown}
 m - a potion of haste {unknown}
 n - a potion of flight {unknown}
 o - a potion of agility {unknown}
 p - a potion of berserk rage {unknown}
 t - a potion of curing {unknown}
Comestibles
 d - 5 rations


   Skills:
 * Level 2.8 Short Blades
 - Level 3.0 Dodging
 + Level 7.2 Stealth
 - Level 4.8 Spellcasting
 * Level 3.9 Hexes


You had 7 spell levels left.
You knew the following spells:

 Your Spells              Type           Power        Failure   Level  Hunger
a - Corona                Hex            ###....      3%          1    None
b - Ensorcelled Hibernat  Hex/Ice        ##....       10%         2    #......
c - Confuse               Hex            ###.....     9%          3    ###....

Your spell library contained the following spells:

 Spells                   Type           Power        Failure   Level  Hunger
 Tukima's Dance           Hex            ###.....     9%          3    ###....
 Dazzling Spray           Conj/Hex       ##....       19%         3    ###....


Dungeon Overview and Level Annotations

Branches:
Dungeon (5/15)
 Temple: D:4-7

Altars:
Uskayaw
Wu Jian
Yredelemnul
Zin

Annotations:
D:2 1 runed translucent door, Crazy Yiuf
D:3 Grinder


Innate Abilities, Weirdness & Mutations

You are very small and have problems with some larger weapons.
You are too small for most types of armour.
You have supernaturally acute eyesight. (SInv)
You are a herbivore.
You cover ground extremely quickly.
You need to consume almost no food.


Message History

The orc priest is moderately wounded.
You closely miss the orc priest.
The orc priest is moderately wounded.
The orc priest calls down the wrath of Beogh upon you.
Beogh smites you! The killer bee barely misses you.
The orc shouts!
The killer bee buzzes angrily.
You completely miss the orc priest.
The orc priest is moderately wounded.
The killer bee completely misses you.
The orc priest calls down the wrath of Beogh upon you.
Beogh smites you!
* * * LOW HITPOINT WARNING * * *
The killer bee barely misses you.
The killer bee buzzes angrily.
The killer bee barely misses you. The killer bee barely misses you.
The killer bee stings you but does no damage.
The killer bee completely misses you. The killer bee stings you.
You die...

###########
#...<..@y.#
####.#######y# .....
#.# #...##### #.# #
##.......###y######
#.#..?..............##
......................
.........o.#..$.....##
.......).o..........#


You could see 2 killer bees.

Vanquished Creatures
  A crimson imp (D:5)
  A worker ant (D:4)
  Robin (D:2)
  4 adders
  An ooze (D:2)
  An adder zombie (D:1)
  3 worms
  2 dart slugs
  4 leopard geckos
  4 orcs
  2 ball pythons
  4 giant cockroaches
  11 goblins
  11 hobgoblins
  11 jackals
  A quokka (D:3)
  8 bats
  5 frilled lizards
  A giant cockroach zombie (D:1)
  6 kobolds
  5 rats
  A spectral orc (D:3)
88 creatures vanquished.

Notes
Turn   | Place    | Note
-------+----------+-------------------------------------------
     0 | D:1      | GuyDeFluk the Spriggan Enchanter began the quest for the
                  | Orb.
     0 | D:1      | Reached XP level 1. HP: 9/9 MP: 5/5
   513 | D:1      | Reached XP level 2. HP: 12/13 MP: 7/7
   528 | D:1      | Reached skill level 5 in Stealth
  1165 | D:1      | Learned a level 2 spell: Ensorcelled Hibernation
  1969 | D:1      | Reached XP level 3. HP: 16/16 MP: 6/9
  2521 | D:2      | Found a hide-covered altar of Uskayaw.
  2521 | D:2      | Noticed a +0 dagger
  2522 | D:2      | Noticed a +0 dagger
  2653 | D:2      | Noticed Robin
  2676 | D:1      | Learned a level 3 spell: Confuse
  2817 | D:2      | Reached XP level 4. HP: 21/21 MP: 8/11
  2969 | D:2      | Found a runed translucent door.
  2970 | D:2      | Noticed Crazy Yiuf
  3011 | D:2      | Reached skill level 6 in Stealth
  3081 | D:2      | Found an ornate altar of the Wu Jian Council.
  4430 | D:2      | Killed Robin
  5071 | D:3      | Noticed Grinder
  5428 | D:3      | Reached XP level 5. HP: 11/24 MP: 12/12
  5781 | D:3      | Found a glowing silver altar of Zin.
  5905 | D:3      | Found a basalt altar of Yredelemnul.
  6269 | D:4      | Reached skill level 7 in Stealth
  7114 | D:5      | Entered Level 5 of the Dungeon
  7151 | D:5      | Slain by a killer bee

Skill      XL: |  1  2  3  4  5 |
---------------+----------------+-----
Spellcasting   | 3 4 |  4.8
Stealth        | 5 6 7 |  7.2
Short Blades   | 2 |  2.8
Dodging        | |  3.0
Hexes          | |  3.9

Action                   |  1- 3 |  4- 6 || total
-------------------------+-------+-------++-------
Melee: Dagger            |   176 |   199 ||   375
 Fire: Hunting sling     |       |     1 ||     1
 Cast: Ensorcelled Hiber |    10 |    18 ||    28
       Corona            |     1 |       ||     1
       Confuse           |       |     1 ||     1
  Use: Scroll            |     3 |     7 ||    10
 Stab: Sleeping          |    15 |    15 ||    30
       Distracted        |     1 |     2 ||     3
  Eat: Ration            |       |     3 ||     3
Armor: Robe              |    16 |    15 ||    31
Dodge: Dodged            |   123 |   135 ||   258
